[Event "December 19 Early 2023"]
[Site "https://www.chess.com"]
[Date "2023.12.19"]
[Round "10"]
[White "Sevostianov, Vladimir"]
[Black "Thorfinnsson, Bjorn"]
[Result "1-0"]
[Board "37"]
[TimeControl "180+1"]
[WhiteFideId "4144163"]
[BlackFideId "2300982"]
[WhiteElo "2150"]
[BlackElo "2394"]
[WhiteTeam "RUS"]
[BlackTeam "ISL"]
[WhiteClock "0:00:23"]
[BlackClock "0:00:09"]

1. d4 d5 2. c4 e6 3. Nf3 Be7 4. g3 Nf6 5. Bg2 O-O 6. O-O c6 7. b3 Nbd7 8. Bb2 b6 9. Nbd2 Bb7 10. Qc2 c5 11. Rfd1 dxc4 12. Nxc4 cxd4 13. Nxd4 Bxg2 14. Kxg2 Qc7 15. Rac1 Qb7+ 16. Kg1 Rac8 17. Qb1 a6 18. Nf3 Rfd8 19. Nce5 Nxe5 20. Nxe5 h6 21. Rxd8+ Rxd8 22. Nc6 Rd2 23. Nxe7+ Qxe7 24. Rc8+ Rd8 25. Qc2 Nd5 26. e4 Nf6 27. Bxf6 gxf6 28. Kg2 Qd7 29. Rxd8+ Qxd8 30. Qc6 Kg7 31. h4 Qd4 32. Qc2 b5 33. Qc6 b4 34. Qxa6 Qxe4+ 35. Kg1 f5 36. Qd6 Kg6 37. Qf8 Qd4 38. Qg8+ Qg7 39. Qxg7+ Kxg7 40. Kf1 Kf6 41. Ke2 Ke5 42. Kd3 Kd5 43. h5 f6 44. Kc2 Kd4 45. Kb2 e5 46. a4 bxa3+ 47. Kxa3 Kd3 48. b4 Ke2 49. b5 Kxf2 50. b6 e4 51. b7 e3 52. b8=Q e2 53. Qf4+ Kg2 54. Qe3 Kf1 55. Qf3+ Ke1 56. Qxf5 Kd2 57. Qd5+ Ke3 58. Qe6+ Kd2 59. Qd6+ Ke3 60. Qb4 Kf2 61. Qf4+ Kg2 62. Qe3 Kf1 63. Qf3+ Ke1 64. Qxf6 Kd2 65. Qxh6+ Kd1 66. Qe6 1-0

[Event "December 19 Early 2023"]
[Site "https://www.chess.com"]
[Date "2023.12.19"]
[Round "10"]
[White "Shimanov, Aleksandr"]
[Black "Kanyamarala, Trisha"]
[Result "1-0"]
[Board "38"]
[TimeControl "180+1"]
[WhiteFideId "4198603"]
[BlackFideId "45004722"]
[WhiteElo "2611"]
[BlackElo "2078"]
[WhiteTeam "RUS"]
[BlackTeam "IRL"]
[WhiteClock "0:00:06"]
[BlackClock "0:00:06"]

1. Na3 d5 2. c4 e6 3. e3 Nf6 4. Nf3 c5 5. b3 Nc6 6. Rg1 Be7 7. g4 d4 8. g5 Ne4 9. h4 e5 10. Nb1 dxe3 11. fxe3 h6 12. d3 Nd6 13. e4 hxg5 14. hxg5 Nd4 15. Nc3 Be6 16. Bd2 Nxf3+ 17. Qxf3 a6 18. O-O-O Qc7 19. Qg3 b5 20. Qxe5 b4 21. Nd5 Bxd5 22. exd5 O-O-O 23. Qxg7 f6 24. gxf6 Rdg8 25. Qxg8+ Rxg8 26. Rxg8+ Bd8 27. Bh3+ Kb7 28. Bf4 Bxf6 29. Be6 Qa5 30. Rd2 Qa3+ 31. Kd1 Bc3 32. Rh2 Bb2 33. Rh7+ Kb6 34. Bxd6 Qxa2 35. Bc7+ Ka7 36. Bd6+ Kb6 37. Bc7+ Ka7 38. Ba5+ Bg7 39. Rgxg7+ Kb8 40. Rh8# 1-0

[Event "December 19 Early 2023"]
[Site "https://www.chess.com"]
[Date "2023.12.19"]
[Round "10"]
[White "Vlassov, Nikolai"]
[Black "Deac, Bogdan-Daniel"]
[Result "0-1"]
[Board "39"]
[TimeControl "180+1"]
[WhiteFideId "4103360"]
[BlackFideId "1226380"]
[WhiteElo "2351"]
[BlackElo "2641"]
[WhiteTeam "FID"]
[BlackTeam "ROU"]
[WhiteClock "0:00:00"]
[BlackClock "0:00:08"]

1. e4 c6 2. d4 d5 3. e5 Bf5 4. Nc3 e6 5. g4 Bg6 6. Nge2 c5 7. Be3 Nd7 8. f4 Ne7 9. Bg2 Nc6 10. O-O cxd4 11. Nxd4 Bc5 12. f5 Ndxe5 13. fxg6 hxg6 14. h3 Nc4 15. Bf2 Nxd4 16. Bxd4 Qb6 17. Ne2 Nxb2 18. Qd2 Nc4 19. Qc3 Bxd4+ 20. Qxd4 Ne3 21. Rfb1 Nxc2 22. Rxb6 Nxd4 23. Rb2 Nxe2+ 24. Rxe2 Kd7 25. Rf1 Raf8 26. Rc2 g5 27. Rb1 b6 28. Bf1 Rc8 29. Bb5+ Ke7 30. Rbc1 Rxc2 31. Rxc2 Rxh3 32. Rc7+ Kf6 33. Be8 Ra3 34. Rxf7+ Ke5 35. Rxg7 Kf4 36. Bh5 Rxa2 37. Rf7+ Kg3 38. Kf1 d4 39. Rg7 Kf4 40. Rf7+ Kg3 41. Rf6 e5 42. Re6 Kf4 43. Rf6+ Ke3 44. Rf5 e4 45. Rxg5 d3 46. Rd5 Rf2+ 47. Kg1 Rf4 48. g5 Rf8 49. g6 a5 50. Bg4 Kd2 51. g7 Rg8 52. Rd7 e3 53. Bf5 Rxg7+ 54. Rxg7 e2 55. Re7 e1=Q+ 56. Rxe1 Kxe1 57. Bxd3 a4 58. Bc4 a3 59. Kg2 b5 60. Bg8 b4 61. Kf3 Kd2 62. Ke4 Kc3 63. Ke3 b3 0-1

[Event "December 19 Early 2023"]
[Site "https://www.chess.com"]
[Date "2023.12.19"]
[Round "10"]
[White "Ivic, Velimir"]
[Black "Kavyev, Ruslan"]
[Result "0-1"]
[Board "40"]
[TimeControl "180+1"]
[WhiteFideId "950122"]
[BlackFideId "34110981"]
[WhiteElo "2542"]
[BlackElo "2336"]
[WhiteTeam "SRB"]
[BlackTeam "RUS"]
[WhiteClock "0:00:03"]
[BlackClock "0:00:26"]

1. e4 c5 2. Nf3 d6 3. Bc4 Nf6 4. d3 e6 5. O-O Be7 6. Re1 O-O 7. c3 Nc6 8. Bb3 a6 9. d4 cxd4 10. cxd4 b5 11. a3 Bb7 12. Nc3 Na5 13. Bc2 Rc8 14. Qd3 Nc4 15. b3 Nb6 16. Bg5 Nh5 17. Bd2 Nf6 18. d5 e5 19. a4 b4 20. Nd1 a5 21. Ne3 Nbd7 22. Nf5 Nc5 23. Qe3 g6 24. Nxe7+ Qxe7 25. Rac1 Ng4 26. Qg5 Qxg5 27. Bxg5 f6 28. Bd2 Kg7 29. h3 Nh6 30. Be3 Ba6 31. Nd2 Nf7 32. Bb1 Nd8 33. Bxc5 Rxc5 34. Rxc5 dxc5 35. Rc1 Nb7 36. f3 Rc8 37. Kf2 Nd6 38. Ke3 c4 39. bxc4 Nxc4+ 40. Nxc4 Rxc4 41. Rxc4 Bxc4 42. Bd3 Bb3 43. Bb5 Kf7 44. g3 Ke7 45. f4 g5 46. fxg5 fxg5 47. h4 h6 48. Kd3 Kd6 49. Be8 Kc5 50. Bb5 Bd1 51. Kd2 Bf3 52. Kd3 Bg2 53. hxg5 hxg5 54. Be8 Bf1+ 55. Kd2 Bh3 56. Bb5 Bg2 57. Kd3 b3 58. Bc4 Bf1+ 59. Kc3 Bxc4 0-1

[Event "December 19 Early 2023"]
[Site "https://www.chess.com"]
[Date "2023.12.19"]
[Round "10"]
[White "Jumabayev, Rinat"]
[Black "Sadykov, Ramil"]
[Result "1-0"]
[Board "41"]
[TimeControl "180+1"]
[WhiteFideId "13702661"]
[BlackFideId "24113590"]
[WhiteElo "2561"]
[BlackElo "2245"]
[WhiteTeam "KAZ"]
[BlackTeam "FID"]
[WhiteClock "0:00:24"]
[BlackClock "0:00:00"]

1. d4 d5 2. c4 e6 3. Nc3 Be7 4. cxd5 exd5 5. Bf4 c6 6. e3 Nf6 7. h3 Bf5 8. g4 Be6 9. Nf3 Nbd7 10. Bd3 c5 11. Nb5 O-O 12. Kf1 Qb6 13. dxc5 Nxc5 14. Be2 d4 15. Nfxd4 Bd5 16. Bc7 Qa6 17. Nc3 Bc4 18. b3 Bxe2+ 19. Qxe2 Qa3 20. Ncb5 Qa6 21. Kg2 Nd5 22. Bh2 Ne4 23. Rac1 Rac8 24. Qf3 Ndc3 25. Nxc3 Nxc3 26. Rc2 Nxa2 27. Rxc8 Rxc8 28. Ra1 1-0

[Event "December 19 Early 2023"]
[Site "https://www.chess.com"]
[Date "2023.12.19"]
[Round "10"]
[White "Materia, Marco"]
[Black "Ambartsumova, Karina"]
[Result "1-0"]
[Board "42"]
[TimeControl "180+1"]
[WhiteFideId "45150451"]
[BlackFideId "4166299"]
[WhiteElo "2451"]
[BlackElo "2240"]
[WhiteTeam "FRA"]
[BlackTeam "RUS"]
[WhiteClock "0:01:33"]
[BlackClock "0:00:00"]

1. d4 Nf6 2. c4 e6 3. Nf3 d5 4. Nc3 Be7 5. Bg5 O-O 6. e3 h6 7. Bxf6 Bxf6 8. cxd5 exd5 9. Bd3 c6 10. O-O Nd7 11. b4 a6 12. a4 Re8 13. b5 axb5 14. axb5 Rxa1 15. Qxa1 Nb6 16. bxc6 bxc6 17. Rb1 Bd7 18. Qa6 Nc8 19. Na4 Nd6 20. Nc5 Qc7 21. Qb6 Qxb6 22. Rxb6 Bf5 23. Rxc6 Bxd3 24. Nxd3 Nc4 25. Nf4 Rd8 26. Nxd5 Rxd5 27. Rxc4 g5 28. g4 Kg7 29. Kg2 Ra5 30. h3 Ra2 31. Rc7 Bd8 32. Rd7 Ba5 33. Ne5 Be1 34. Rxf7+ Kg8 35. Rf5 Kg7 36. Nd3 Bd2 37. Kf3 Ra3 38. Ke4 Ra2 39. Ne5 Be1 40. f3 Kg8 41. Rf6 Kg7 42. Rg6+ Kh7 43. Rb6 Re2 44. Rb7+ Kg8 45. Kf5 Rxe3 46. Kg6 Kf8 47. Kxh6 Bc3 48. Kxg5 Bxd4 49. Ng6+ Ke8 50. Nh4 Ra3 51. Nf5 Bc3 52. h4 Bd2+ 53. Kg6 Rxf3 54. Re7+ Kd8 55. Re4 Bc3 56. Re3 1-0

[Event "December 19 Early 2023"]
[Site "https://www.chess.com"]
[Date "2023.12.19"]
[Round "10"]
[White "Burovic, Rijad"]
[Black "Haug, Havard"]
[Result "1/2-1/2"]
[Board "43"]
[TimeControl "180+1"]
[WhiteFideId "14407701"]
[BlackFideId "1547887"]
[WhiteElo "2384"]
[BlackElo "2343"]
[WhiteTeam "BIH"]
[BlackTeam "NOR"]
[WhiteClock "0:00:04"]
[BlackClock "0:00:03"]

1. e4 b6 2. d4 Bb7 3. Bd3 e6 4. Qe2 Nf6 5. Nd2 c5 6. d5 Be7 7. c4 d6 8. Ngf3 e5 9. O-O O-O 10. a3 Na6 11. Rb1 Nc7 12. b4 cxb4 13. axb4 Qc8 14. Nb3 a5 15. Be3 axb4 16. Bxb6 Na6 17. Rfc1 Nd7 18. Be3 Ndc5 19. Nxc5 Nxc5 20. Rxb4 Ba6 21. h3 Qc7 22. Rcb1 Rfc8 23. Nd2 Bd8 24. Kh2 Qd7 25. Nb3 Nxd3 26. Qxd3 g6 27. Qc3 Be7 28. Na5 f5 29. exf5 Qxf5 30. Nc6 Bf6 31. Ra1 h5 32. Qb3 e4 33. Bd4 Bxd4 34. Ne7+ Kh8 35. Nxf5 Bxa1 36. Ne7 Re8 37. Nxg6+ Kg7 38. Nh4 Be5+ 39. g3 Rf8 40. Qe3 Rf6 41. Ra4 Bb7 42. Rxa8 Bxa8 43. Qg5+ Kf7 44. Qxh5+ Ke7 45. Kg2 Kd7 46. Qh7+ Kc8 47. Ng6 Bd4 48. Nf4 e3 49. fxe3 Be5 50. Kf3 Bb7 51. Qe7 Kb8 52. h4 Ba6 53. Qe8+ Kb7 54. Qc6+ Ka7 55. h5 Bb7 56. Qc7 Ka6 57. h6 Rxh6 58. Ne6 Rxe6 59. Qxb7+ Kxb7 60. dxe6 Kc7 61. g4 Kd8 62. Ke4 Ke7 63. Kd5 Bg3 64. e4 Bh2 65. g5 Bf4 66. g6 Bh6 67. e5 dxe5 68. Kxe5 Bg7+ 69. Kd5 Bc3 70. c5 Kf6 71. Kd6 Bb4 72. Kd5 Bxc5 73. Kxc5 Kxe6 74. Kc6 Kf6 75. Kd6 Kg7 76. Ke6 Kxg6 1/2-1/2

[Event "December 19 Early 2023"]
[Site "https://www.chess.com"]
[Date "2023.12.19"]
[Round "10"]
[White "Yeremyan, Alen"]
[Black "Kvaloy, Aksel Bu"]
[Result "1/2-1/2"]
[Board "44"]
[TimeControl "180+1"]
[WhiteFideId "13308998"]
[BlackFideId "1528815"]
[WhiteElo "2160"]
[BlackElo "2265"]
[WhiteTeam "ARM"]
[BlackTeam "NOR"]
[WhiteClock "0:01:42"]
[BlackClock "0:00:16"]

1. e4 e5 2. Nf3 Nf6 3. Nc3 Nc6 4. d4 Bd6 5. Nb5 Nxe4 6. Bd3 Nf6 7. Nxd6+ cxd6 8. O-O e4 9. Re1 d5 10. Bf1 O-O 11. Ne5 d6 12. Nxc6 bxc6 13. b3 Qa5 14. Bd2 Qb6 15. Be3 Bg4 16. Qd2 Be6 17. c4 h6 18. c5 Qd8 19. cxd6 Qxd6 20. Bf4 Qd7 21. Rac1 Nh5 22. Be3 f5 23. Be2 Nf6 24. Rc2 g5 25. f4 exf3 26. Bxf3 f4 27. Bf2 Bf5 28. Rcc1 Rae8 29. Re5 Be4 30. Qc3 Ng4 31. Rxe8 Rxe8 32. Qxc6 Qxc6 33. Rxc6 Bxf3 34. gxf3 Ne3 35. Rxh6 Kg7 36. Rd6 Rc8 37. Bxe3 fxe3 38. Re6 Rc1+ 39. Kg2 Rc2+ 40. Kg3 e2 41. Kg4 Kf7 42. Re5 Kf6 43. Rf5+ Ke6 44. Re5+ Kf6 45. a4 a5 46. h3 Rb2 47. Kg3 Rxb3 48. Kf2 Rb4 49. Rxd5 Rxa4 50. Kxe2 Ke6 51. Rxg5 Rxd4 52. Rxa5 Rh4 53. Ra6+ Kf5 54. Ra5+ Kf6 55. Ke3 Rxh3 56. Kf4 Rh4+ 57. Kg3 Rb4 58. Ra6+ Kf5 59. Ra5+ Kf6 60. Rc5 Ra4 61. f4 Ra1 62. Rc6+ Kf5 63. Rc5+ Kf6 64. Re5 Rg1+ 65. Kf3 Rf1+ 66. Ke4 Re1+ 67. Kd5 Rf1 68. Re4 Kf5 69. Re8 Rxf4 70. Rf8+ Kg4 71. Rg8+ Kf3 72. Ke5 Rg4 73. Rf8+ Kg3 74. Ke6 Ra4 75. Rf6 Ra6+ 76. Kf7 Rxf6+ 77. Kxf6 1/2-1/2

[Event "December 19 Early 2023"]
[Site "https://www.chess.com"]
[Date "2023.12.19"]
[Round "10"]
[White "Toman, Ondrej"]
[Black "Suyarov, Mukhammadzokhid"]
[Result "0-1"]
[Board "45"]
[TimeControl "180+1"]
[WhiteFideId "344516"]
[BlackFideId "14210495"]
[WhiteElo "2157"]
[BlackElo "2449"]
[WhiteTeam "CZE"]
[BlackTeam "UZB"]
[WhiteClock "0:00:01"]
[BlackClock "0:02:09"]

1. d4 Nf6 2. Bg5 Ne4 3. h4 d5 4. Nd2 Nxg5 5. hxg5 e5 6. dxe5 Qxg5 7. Ngf3 Qe7 8. e3 Bg4 9. c4 dxc4 10. Bxc4 Nd7 11. Qb3 O-O-O 12. O-O-O Nxe5 13. Nxe5 Qxe5 14. Nf3 Rxd1+ 15. Rxd1 Qf6 16. Bxf7 h5 17. Rd4 Bd6 18. Bd5 c6 19. Rc4 Bc7 20. Be4 Be6 21. Qc3 Bxc4 22. Qxc4 Rd8 23. a4 Kb8 24. Qc5 Qe6 25. Bc2 Qg4 26. Qg5 Qc4 27. Qxh5 Qf1+ 0-1

[Event "December 19 Early 2023"]
[Site "https://www.chess.com"]
[Date "2023.12.19"]
[Round "10"]
[White "Khamdamova, Afruza"]
[Black "Halkias, Stelios"]
[Result "0-1"]
[Board "46"]
[TimeControl "180+1"]
[WhiteFideId "14210444"]
[BlackFideId "4201809"]
[WhiteElo "2295"]
[BlackElo "2462"]
[WhiteTeam "UZB"]
[BlackTeam "GRE"]
[WhiteClock "0:00:02"]
[BlackClock "0:00:19"]

1. e4 c5 2. Nf3 d6 3. d4 cxd4 4. Nxd4 Nf6 5. Nc3 a6 6. Be2 e5 7. Nb3 Be6 8. O-O Be7 9. Kh1 Nbd7 10. f4 Rc8 11. f5 Bc4 12. Be3 b5 13. Bxc4 Rxc4 14. Nd2 Rxc3 15. bxc3 Qc7 16. c4 bxc4 17. c3 O-O 18. Qe2 Rc8 19. Rab1 d5 20. exd5 Nxd5 21. Ne4 N7f6 22. Nxf6+ Bxf6 23. Bd2 h6 24. Qe4 Rd8 25. Rfd1 Be7 26. Be1 Nf6 27. Rxd8+ Qxd8 28. Qxc4 Qd7 29. Qf1 e4 30. Bg3 Bc5 31. Rd1 Qa4 32. Qe2 e3 33. h3 Ne4 34. Be1 Nf6 35. c4 Qe8 36. Bh4 Qe5 37. Rd8+ Kh7 38. Bxf6 Qxf6 39. Rd5 Qa1+ 40. Rd1 Qe5 41. Rd5 Qa1+ 42. Rd1 Qc3 43. Kg1 a5 44. Kf1 Qe5 45. Rd5 Qf4+ 46. Qf3 Qxc4+ 47. Ke1 Bb4+ 48. Kd1 e2+ 49. Qxe2 Qxd5+ 50. Kc1 Qxf5 51. g4 Qc5+ 52. Kb1 g6 53. Qf3 Qg1+ 54. Kc2 Qa7 55. Qd5 Qe7 56. Kb3 Qe3+ 57. Ka4 Qe8+ 58. Kb3 Bf8 59. Kc2 Bg7 60. Kd1 Qa4+ 61. Ke2 Qe8+ 62. Kf3 a4 63. Qc4 a3 64. Qb3 Qa8+ 65. Kg3 Qe8 66. Kf3 Qe5 67. Qxf7 Qc3+ 68. Kg2 Qb2+ 69. Kg3 Qf6 70. Qb3 h5 71. gxh5 gxh5 72. Qd3+ Qg6+ 73. Qxg6+ Kxg6 74. h4 Kf5 75. Kf3 Bf6 76. Kg3 Ke4 0-1

[Event "December 19 Early 2023"]
[Site "https://www.chess.com"]
[Date "2023.12.19"]
[Round "10"]
[White "Arabidze, Meri"]
[Black "Spata, German"]
[Result "1-0"]
[Board "47"]
[TimeControl "180+1"]
[WhiteFideId "13604040"]
[BlackFideId "113026"]
[WhiteElo "2416"]
[BlackElo "2260"]
[WhiteTeam "GEO"]
[BlackTeam "ARG"]
[WhiteClock "0:01:25"]
[BlackClock "0:00:00"]

1. Nf3 e6 2. c4 Nf6 3. g3 b6 4. Bg2 Bb7 5. O-O Be7 6. Nc3 O-O 7. Re1 d5 8. cxd5 Nxd5 9. Nxd5 Bxd5 10. e4 Bb7 11. d4 c5 12. Bf4 cxd4 13. Nxd4 Nc6 14. Nb5 e5 15. Be3 Qxd1 16. Rexd1 Rfd8 17. Nc7 Rxd1+ 18. Rxd1 Rd8 19. Nd5 Kf8 20. Rc1 Bd6 21. a3 Ne7 22. Nc3 Ba6 23. h4 f6 24. Bh3 Ke8 25. Be6 Bc8 26. Bb3 Ba6 27. Kg2 Bb7 28. f3 Bb8 29. Kf2 Rc8 30. Be6 Rc6 31. Bb3 Rc8 32. Rd1 Rd8 33. Bf7+ Kxf7 34. Rxd8 1-0

[Event "December 19 Early 2023"]
[Site "https://www.chess.com"]
[Date "2023.12.19"]
[Round "10"]
[White "Haring, Filip"]
[Black "Martinez Reyes, Pedro Ramon"]
[Result "1-0"]
[Board "48"]
[TimeControl "180+1"]
[WhiteFideId "14933080"]
[BlackFideId "3901807"]
[WhiteElo "2375"]
[BlackElo "2327"]
[WhiteTeam "SVK"]
[BlackTeam "VEN"]
[WhiteClock "0:00:54"]
[BlackClock "0:01:51"]

1. Nf3 d6 2. d4 Nd7 3. e4 Ngf6 4. Nc3 e5 5. Bc4 Be7 6. O-O O-O 7. Re1 c6 8. a4 a5 9. h3 exd4 10. Nxd4 Nb6 11. Bd3 Nfd7 12. Nf5 Nc5 13. Nxe7+ Qxe7 14. Bf4 Be6 15. Bf1 Rad8 16. Qh5 Bc4 17. e5 d5 18. Bg5 Qe6 19. Bxd8 Rxd8 20. Bxc4 Nxc4 21. b3 Nb6 22. Rad1 Re8 23. Ne2 g6 24. Qh6 Qxe5 25. Nd4 Qxe1+ 26. Rxe1 Rxe1+ 27. Kh2 Re4 28. Qd2 Nbd7 29. f3 Re8 30. Qxa5 Ne6 31. Nxe6 Rxe6 32. Qc7 Nc5 33. Qb6 Nd7 34. Qxb7 Ne5 35. a5 d4 1-0

[Event "December 19 Early 2023"]
[Site "https://www.chess.com"]
[Date "2023.12.19"]
[Round "10"]
[White "Buksa, Nataliya"]
[Black "Krysa, Leandro"]
[Result "0-1"]
[Board "49"]
[TimeControl "180+1"]
[WhiteFideId "14123622"]
[BlackFideId "116807"]
[WhiteElo "2316"]
[BlackElo "2495"]
[WhiteTeam "UKR"]
[BlackTeam "ARG"]
[WhiteClock "0:00:20"]
[BlackClock "0:00:14"]

1. d4 Nf6 2. Nc3 d5 3. Bf4 c5 4. e3 cxd4 5. exd4 Bg4 6. Nf3 Nc6 7. Bb5 e6 8. h3 Bxf3 9. Qxf3 Be7 10. O-O-O O-O 11. g4 Qa5 12. g5 Nd7 13. h4 Bb4 14. Bxc6 bxc6 15. a3 Bxc3 16. Qxc3 Qxc3 17. bxc3 Nb6 18. Kb2 Nc4+ 19. Ka2 f6 20. Bg3 e5 21. Rb1 Rab8 22. gxf6 gxf6 23. Rb3 Rb6 24. Re1 Re8 25. Rb4 Kf7 26. h5 exd4 27. Rxe8 Kxe8 28. cxd4 Rxb4 29. axb4 a6 30. Kb3 Kf7 31. Kc3 Ke6 32. f3 Kf5 33. Bh4 Ne3 34. Kb3 Nc4 35. Kc3 h6 36. Kd3 Nb2+ 37. Kc3 Nc4 38. Kd3 Nd6 39. c3 Ne8 40. Kc2 Ng7 41. Kb3 Nxh5 42. Ka4 Ke6 43. Ka5 Nf4 44. Kxa6 h5 45. Kb6 Kd7 46. Bxf6 Ne2 47. b5 cxb5 48. Kxb5 Nxc3+ 49. Kb4 Ne2 50. Kc5 Ke6 51. Bh4 Nf4 52. Kc6 Ng2 53. Bg3 h4 54. Bh2 h3 55. f4 Nh4 56. f5+ Nxf5 57. Kc5 Nh4 58. Kc6 Nf3 59. Bg3 h2 60. Bxh2 Nxh2 61. Kc5 Nf3 62. Kb4 Nxd4 63. Kc3 Nf5 64. Kd3 Ke5 65. Ke2 Ke4 66. Kd2 d4 67. Ke2 d3+ 68. Kd2 Kd4 69. Kd1 Ke3 70. Kc1 Ne7 71. Kd1 d2 72. Kc2 Ke2 73. Kb2 d1=Q 74. Kc3 Qd5 75. Kb4 Qc6 76. Kb3 Kd3 77. Kb2 Qb5+ 78. Ka2 Kc3 0-1

[Event "December 19 Early 2023"]
[Site "https://www.chess.com"]
[Date "2023.12.19"]
[Round "10"]
[White "Kurmangaliyeva, Liya"]
[Black "Adla, Diego"]
[Result "0-1"]
[Board "50"]
[TimeControl "180+1"]
[WhiteFideId "13725831"]
[BlackFideId "100072"]
[WhiteElo "2077"]
[BlackElo "2377"]
[WhiteTeam "KAZ"]
[BlackTeam "ARG"]
[WhiteClock "0:00:15"]
[BlackClock "0:00:12"]

1. d4 Nf6 2. Nf3 d5 3. c4 e6 4. g3 dxc4 5. Bg2 Nbd7 6. O-O Rb8 7. a4 a6 8. a5 Bd6 9. Na3 b5 10. axb6 Nxb6 11. Nxc4 Nxc4 12. Qa4+ Bd7 13. Qxc4 Bb5 14. Qc2 O-O 15. Rd1 Nd5 16. e4 Nb4 17. Qc3 h6 18. Be3 Nc6 19. Ne5 Bxe5 20. dxe5 Qc8 21. Bf1 Qb7 22. Bc5 Rfd8 23. Bh3 a5 24. Rac1 a4 25. Ba3 Rxd1+ 26. Rxd1 Qb6 27. Bf1 Bxf1 28. Rxf1 Qb5 29. f4 Qb6+ 30. Kg2 Na5 31. Rc1 Nb3 32. Rc2 Rb7 33. Qc4 c5 34. Qxa4 Nd4 35. Rd2 Rc7 36. Qc4 Qc6 37. Rd3 Qxe4+ 38. Kf2 Qe2+ 0-1

[Event "December 19 Early 2023"]
[Site "https://www.chess.com"]
[Date "2023.12.19"]
[Round "10"]
[White "Koellner, Ruben Gideon"]
[Black "Asish Panda"]
[Result "0-1"]
[Board "51"]
[TimeControl "180+1"]
[WhiteFideId "12993093"]
[BlackFideId "45012458"]
[WhiteElo "2347"]
[BlackElo "1767"]
[WhiteTeam "GER"]
[BlackTeam "IND"]
[WhiteClock "0:00:00"]
[BlackClock "0:01:20"]

1. d4 d5 2. Nf3 Nf6 3. e3 e6 4. Nbd2 Bd6 5. Ne5 O-O 6. f4 c5 7. c3 Ne4 8. Nxe4 dxe4 9. Be2 cxd4 10. Qxd4 f5 11. O-O Bxe5 12. Qxe5 Nc6 13. Qc5 Qd5 14. Qxd5 exd5 15. b3 Be6 16. Bb2 Rac8 17. Rfd1 Rfd8 18. Rd2 Kf7 19. Rad1 a6 20. Kf2 g6 21. h3 h5 22. Kg3 Rd7 23. c4 Rcd8 24. c5 Rc8 25. a3 a5 26. Bb5 Rdc7 27. Be5 Nxe5 28. fxe5 Rxc5 29. Be2 Rc3 30. Kf4 Rxb3 31. Rxd5 Bxd5 32. Rxd5 Rb2 33. Bb5 Rc7 34. Kg3 b6 35. a4 Ke6 36. Rd6+ Kxe5 37. Rxg6 Rb3 38. Kh4 Rxe3 0-1

[Event "December 19 Early 2023"]
[Site "https://www.chess.com"]
[Date "2023.12.19"]
[Round "10"]
[White "Karas, Marek"]
[Black "Volkov, Maksim"]
[Result "1-0"]
[Board "52"]
[TimeControl "180+1"]
[WhiteFideId "14928558"]
[BlackFideId "54123070"]
[WhiteElo "2218"]
[BlackElo "2293"]
[WhiteTeam "CZE"]
[BlackTeam "RUS"]
[WhiteClock "0:00:04"]
[BlackClock "0:00:00"]

1. d4 Nf6 2. Nf3 e6 3. c4 d5 4. Nc3 c6 5. cxd5 exd5 6. Bg5 Be7 7. Qc2 g6 8. e3 Bf5 9. Bd3 Bxd3 10. Qxd3 O-O 11. O-O Re8 12. Bxf6 Bxf6 13. Rab1 a5 14. a3 Nd7 15. b4 axb4 16. axb4 b5 17. e4 dxe4 18. Nxe4 Bg7 19. d5 Nb6 20. d6 Nd5 21. Rfc1 Qd7 22. Qc2 f5 23. Nc5 Qxd6 24. Nb7 Qe7 25. Qxc6 Nc3 26. Nd6 Qe6 27. Ng5 Rac8 28. Qxc8 Qxc8 29. Nxc8 Rxc8 30. Kf1 h6 31. Ne6 Be5 32. Rb3 Rc4 33. Nc5 Ne4 34. Rd1 Nxc5 35. bxc5 Rxc5 36. Rdb1 Bd4 37. Rb4 Bf6 38. Rxb5 Rxb5 39. Rxb5 h5 40. Rb7 Bg7 41. Ke2 Kh7 42. f3 Kh6 43. Kd3 Be5 44. g3 h4 45. f4 Bf6 46. Ke2 hxg3 47. hxg3 g5 48. Kf3 Kg6 49. Rb6 gxf4 50. Kxf4 1-0

[Event "December 19 Early 2023"]
[Site "https://www.chess.com"]
[Date "2023.12.19"]
[Round "10"]
[White "Ljukin, Sergei"]
[Black "Cristobal, Manuel"]
[Result "0-1"]
[Board "53"]
[TimeControl "180+1"]
[WhiteFideId "14102200"]
[BlackFideId "112879"]
[WhiteElo "2319"]
[BlackElo "2244"]
[WhiteTeam "UKR"]
[BlackTeam "ARG"]
[WhiteClock "0:00:07"]
[BlackClock "0:01:19"]

1. e4 Nc6 2. Nf3 d5 3. exd5 Qxd5 4. Nc3 Qh5 5. Nb5 Kd8 6. d4 Bg4 7. Be2 Bxf3 8. gxf3 a6 9. Nc3 Nf6 10. Bf4 e6 11. Qd2 Bb4 12. Bg5 Kc8 13. Bxf6 gxf6 14. O-O-O Rd8 15. Qe3 Qa5 16. a3 Bxc3 17. Qxc3 Qxc3 18. bxc3 Ne7 19. Rdg1 Nd5 20. Kb2 Kd7 21. Rg7 Ke7 22. Rxh7 Rg8 23. Bf1 b5 24. h4 c5 25. dxc5 Rac8 26. c4 bxc4 27. Bxc4 Rxc5 28. Bb3 Nf4 29. h5 f5 30. Rh4 Ng2 31. Rb4 Kf6 32. Rb7 Rf8 33. Ra7 Rc6 34. a4 Nf4 35. c4 Rd6 36. Kc3 Rd3+ 37. Kc2 Rxf3 38. c5 Nd3 39. Rc7 Nb4+ 40. Kb2 Rxf2+ 41. Kc3 a5 42. Kc4 Rb8 43. Rhxf7+ Ke5 44. h6 Rf4+ 45. Kc3 Rf3+ 46. Kc4 Nd5 47. Rcd7 Rb4# 0-1

[Event "December 19 Early 2023"]
[Site "https://www.chess.com"]
[Date "2023.12.19"]
[Round "10"]
[White "Manukyan, Sargis V."]
[Black "Timerkhanov, Alexander"]
[Result "1-0"]
[Board "54"]
[TimeControl "180+1"]
[WhiteFideId "13303465"]
[BlackFideId "24177938"]
[WhiteElo "2236"]
[BlackElo "2278"]
[WhiteTeam "ARM"]
[BlackTeam "RUS"]
[WhiteClock "0:01:26"]
[BlackClock "0:01:23"]

1. d4 d5 2. c4 dxc4 3. e3 Be6 4. Ne2 c5 5. Nf4 Qd7 6. d5 Bf5 7. Bxc4 Nf6 8. Nc3 a6 9. a4 g6 10. O-O Bg7 11. f3 g5 12. Nd3 Bxd3 13. Qxd3 Qd6 14. e4 h6 15. f4 Ng4 16. e5 Qc7 17. h3 gxf4 18. d6 exd6 19. exd6 Bd4+ 20. Qxd4 cxd4 21. dxc7 Nc6 22. Nd5 1-0

[Event "December 19 Early 2023"]
[Site "https://www.chess.com"]
[Date "2023.12.19"]
[Round "10"]
[White "Gontcharov, Vladislav"]
[Black "Nilsson, Joakim"]
[Result "1/2-1/2"]
[Board "55"]
[TimeControl "180+1"]
[WhiteFideId "4123492"]
[BlackFideId "1723383"]
[WhiteElo "2420"]
[BlackElo "2143"]
[WhiteTeam "RUS"]
[BlackTeam "SWE"]
[WhiteClock "0:00:12"]
[BlackClock "0:00:04"]

1. d4 Nf6 2. c4 e6 3. Nf3 Bb4+ 4. Bd2 c5 5. Bxb4 cxb4 6. g3 d6 7. Bg2 O-O 8. O-O Nc6 9. a3 bxa3 10. Rxa3 e5 11. d5 Nb4 12. Nc3 a5 13. Qd2 Bf5 14. Nh4 Bg6 15. Nxg6 hxg6 16. Rfa1 Nd7 17. Nb5 Nc5 18. h4 Qb6 19. Bf3 Ra6 20. h5 gxh5 21. Bxh5 g6 22. Bf3 Kg7 23. Kg2 Rh8 24. e3 Raa8 25. Qc3 f6 26. Rh1 Rxh1 27. Kxh1 Rh8+ 28. Kg2 Ncd3 29. Ra1 f5 30. Be2 Nc5 31. Bf3 Ncd3 32. Rd1 Nc5 33. Kg1 Qd8 34. Bg2 b6 35. f4 Kg8 36. fxe5 Qg5 37. Nxd6 Qxg3 38. Qe1 Qh2+ 39. Kf1 Rh4 40. Qf2 Ncd3 41. Qg1 Qg3 42. Ne8 Rh2 43. Nf6+ Kg7 44. d6 Rxg2 45. Qxg2 Qxe3 46. Ne8+ Kf8 47. d7 Qf4+ 48. Kg1 Qe3+ 49. Kh1 Qh6+ 50. Qh2 Qe3 51. Qh8+ Ke7 52. Qf6+ Kxd7 53. Qd6+ Kxe8 54. e6 Qf3+ 55. Kh2 Qf2+ 56. Kh3 Qf3+ 57. Kh2 Qf2+ 58. Kh1 Qf3+ 59. Kh2 1/2-1/2

[Event "December 19 Early 2023"]
[Site "https://www.chess.com"]
[Date "2023.12.19"]
[Round "10"]
[White "aksuliini1"]
[Black "Zemlyanskii, Ivan"]
[Result "0-1"]
[Board "56"]
[TimeControl "180+1"]
[BlackFideId "24249971"]
[WhiteElo "2545"]
[BlackElo "2418"]
[BlackTeam "RUS"]
[WhiteClock "0:00:30"]
[BlackClock "0:00:49"]

1. e4 c5 2. Nf3 e6 3. d4 cxd4 4. Nxd4 Nf6 5. Nc3 Nc6 6. Ndb5 Bc5 7. Nd6+ Ke7 8. Bf4 e5 9. Nf5+ Kf8 10. Bg5 d6 11. Ne3 h6 12. Bh4 Be6 13. Bd3 g5 14. Bg3 h5 15. h4 Ng4 16. Nxg4 hxg4 17. h5 Qf6 18. Qd2 Kg7 19. O-O-O Bb4 20. a3 Ba5 21. Kb1 Rac8 22. Qe3 Bxc3 23. bxc3 Na5 24. Qxa7 Ra8 25. Qb6 Rhc8 26. Qxd6 Ba2+ 27. Kxa2 Qxd6 28. h6+ Kh7 29. Bb5 Qc5 30. Rd7 Qxb5 31. Rxf7+ Kh8 32. h7 Nc4 0-1